Map: Ice and Chrome LE

Players

SimplePickUp

  • Race: Zerg Zerg
  • League: Diamond
  • Spawn Location: 7:00

Zaechus - Winner!

  • Race: Protoss Protoss
  • League: Diamond
  • Spawn Location: 1:00

VOD

Have the link to the VOD?

Description

Time

  • Played on: Aug. 4, 2020, 6:27 p.m.
  • Length: 9:11
Show
View Real Time Build Order
Export as new Build Order

SimplePickUp Zerg 

Build Orders: Pool First 

Get SALT Encoding   

  12  0:01  Drone  
  13  0:10  Drone  
  14  0:18  Extractor x2  
  14  0:20  Drone  
  13  0:22  Drone  
  16  0:39  Spawning Pool  
  15  0:45  Extractor  
  15  1:08  Hatchery  
  14  1:27  Hatchery  
  13  1:32  Extractor  
  13  1:33  Drone  
  13  1:37  Drone  
  14  1:44  Drone, Extractor  
  15  1:49  Overlord  
  15  2:03  Roach Warren  
  14  2:10  Drone  
  15  2:43  Roach  
  15  2:44  Roach x3  
  23  2:52  Roach  
  23  2:56  Roach  
  27  3:02  Roach  
  29  3:11  Roach  
  31  3:16  Drone x3  
  34  3:20  Extractor  
  34  3:25  Overlord  
  33  3:43  Roach x3  
  33  4:07  Roach x3  
  37  4:27  Roach x2  
  33  4:46  Zergling x8  
  33  4:47  Zergling x4  
  33  4:56  Zergling x6  
  32  5:03  Metabolic Boost  
  32  5:07  Zergling x6  
  32  5:10  Zergling x4  
  35  5:24  Zergling x4  
  36  5:34  Zergling x8  
  38  5:35  Zergling x2  
  38  5:41  Zergling x4  
  41  5:45  Zergling x2  
  42  6:14  Overlord  
  41  6:31  Queen x2  
  41  6:33  Zergling x2  
  26  6:54  Zergling x2  
  26  6:55  Zergling x16  
  31  7:07  Zergling x2  
  32  7:11  Zergling x2  
  33  7:19  Queen  
  35  7:28  Drone  
  35  7:29  Drone  
  37  7:36  Queen  
  39  7:49  Drone x2  
  41  7:52  Overlord x2  
  39  8:11  Zergling x10  
  39  8:12  Zergling x2  
  44  8:20  Zergling x6  
  47  8:31  Zergling x8  
  43  8:50  Zergling x4  
  43  8:51  Zergling x2  
Show
View Real Time Build Order
Export as new Build Order

Zaechus Protoss - Winner!

Build Orders:  

Get SALT Encoding   

  12  0:00  Probe  
  13  0:12  Probe  
  14  0:20  Pylon  
  14  0:24  Probe  
  15  0:39  Gateway  
  15  0:40  Probe (Chrono Boost)  
  16  0:45  Assimilator  
  16  0:49  Probe (Chrono Boost)  
  17  0:54  Probe (Chrono Boost)  
  18  1:06  Probe  
  19  1:19  Probe  
  20  1:26  Gateway  
  20  1:28  Cybernetics Core  
  20  1:29  Zealot  
  22  1:44  Pylon  
  22  1:45  Probe  
  23  1:55  Assimilator  
  23  2:02  Probe  
  24  2:10  Nexus  
  24  2:18  Warp Gate  
  24  2:21  Stalker  
  26  2:24  Probe  
  27  2:33  Adept  
  27  2:36  Probe  
  30  2:43  Pylon  
  30  2:48  Probe  
  31  2:55  Stargate  
  31  3:01  Probe  
  32  3:07  Stalker  
  34  3:14  Probe (Chrono Boost)  
  34  3:16  Adept  
  37  3:22  Probe (Chrono Boost)  
  37  3:26  Probe (Chrono Boost)  
  39  3:32  Probe (Chrono Boost)  
  41  3:34  Probe (Chrono Boost)  
  41  3:36  Shield Battery  
  41  4:05  Void Ray (Chrono Boost)  
  41  4:07  Cybernetics Core  
  41  4:21  Pylon  
  41  4:23  Zealot  
  41  4:24  Zealot  
  41  4:37  Pylon  
  41  4:46  Stalker x2  
  41  4:49  Probe  
  41  4:50  Probe  
  45  4:58  Pylon  
  43  5:01  Probe  
  43  5:03  Void Ray  
  48  5:10  Robotics Facility  
  48  5:11  Probe (Chrono Boost)  
  50  5:16  Probe (Chrono Boost)  
  50  5:20  Forge  
  50  5:22  Twilight Council  
  50  5:24  Assimilator, Probe (Chrono Boost)  
  50  5:26  Assimilator  
  52  5:30  Probe (Chrono Boost)  
  52  5:31  Probe (Chrono Boost)  
  53  5:36  Stalker x2  
  53  5:38  Probe x2  
  59  5:51  Protoss Ground Weapons Level 1 (Chrono Boost)  
  59  5:54  Probe x2  
  61  6:06  Probe  
  62  6:22  Pylon  
  62  6:29  Gateway  
  62  6:31  Pylon  
  62  6:40  Void Ray  
  62  6:45  Zealot, Probe x2  
  62  6:46  Zealot  
  66  6:57  Probe  
  66  6:58  Gateway  
  67  7:11  Probe  
  67  7:13  Stalker x2  
  72  7:15  Charge (Chrono Boost)  
  72  7:26  Gateway, Zealot  
  72  7:27  Gateway  
  74  7:33  Pylon  
  74  7:37  Pylon, Zealot x2  
  76  8:02  Zealot x3  
  76  8:03  Zealot  
  84  8:08  Robotics Facility  
  84  8:09  Robotics Facility  
  84  8:22  Zealot x3  
  84  8:24  Pylon  
  88  8:35  Stalker x2  
  88  8:36  Stalker  
  94  8:54  Zealot x3  
Tags
 
Add a new tag
Caveats
  • Supply blocks, unpowered buildings, or Contaminate may cause inaccurate times.
  • Supply counts are checked every 10 seconds.